 Dungeon Crawl Stone Soup version 0.29-a0-330-g52719c12eb (webtiles) character file.

Game seed: 9850112959533469973

176 kae the Firebug (level 5, -6/33 HPs)
             Began as an Octopode Fire Elementalist on Apr 18, 2022.
             Mangled by a gnoll
             ... wielding a +0 spear
              (11 damage)
             ... on level 3 of the Dungeon.
             The game lasted 00:01:25 (3969 turns).

kae the Firebug (Octopode Fire Elementalist)        Turns: 3969, Time: 00:01:25

Health: -6/33      AC:  1    Str:  8    XL:     5   Next: 56%
Magic:  1/9        EV: 13    Int: 19    God:
Gold:   178        SH:  0    Dex: 12    Spells: 3/9 levels left

rFire   . . .      SeeInvis .   i - +0 falchion
rCold   . . .      Faith    .   (no shield)
rNeg    . . .      Spirit   .   (helmet restricted)
rPois   .          Reflect  .   (no amulet)
rElec   .          Harm     .   m - ring of wizardry
rCorr   .          Rampage  .   (no ring)
Will    .....                   (no ring)
Stlth   +++.......              (no ring)
HPRegen 0.11/turn               (no ring)
MPRegen 0.11/turn               (no ring)
                                (no ring)
                                (no ring)

@: no status effects
A: almost no armour, amphibious, 8 rings, camouflage 1, gelatinous body 1,
(nimble swimmer 1), tentacles
a: no special abilities


You were on level 3 of the Dungeon.
You visited 1 branch of the dungeon, and saw 3 of its levels.

You collected 178 gold pieces.

Inventory:

Hand Weapons
 i - a +0 falchion (weapon)
Armour
 n - a +0 hat
Jewellery
 b - an amulet of faith
 m - a ring of wizardry (left tentacle)
Scrolls
 c - a scroll of summoning
 f - 2 scrolls of holy word {unknown}
 g - a scroll of brand weapon {unknown}
 j - a scroll of acquirement {unknown}
 l - a scroll of identify
Potions
 a - a potion of magic
 d - 2 potions of curing
 e - 2 potions of haste {unknown}
 h - 2 potions of flight {unknown}
 k - 3 potions of brilliance {unknown}


   Skills:
 + Level 1.4 Fighting
 + Level 2.7 Dodging
 + Level 3.8 Stealth
 + Level 2.7 Spellcasting
 + Level 2.0 Conjurations
 * Level 4.2 Fire Magic


You had 3 spell levels left.
You knew the following spells:

 Your Spells              Type           Power      Damage    Failure   Level
a - Foxfire               Conj/Fire      56%        2x1d6     1%          1
b - Scorch                Fire           36%        2d6       1%          2
c - Conjure Flame         Conj/Fire      14%        6-21      5%          3

Your spell library contained the following spells:

 Spells                   Type           Power      Damage    Failure   Level
 Magic Dart               Conj           40%        1d5       2%          1
 Inner Flame              Hex/Fire       10%        N/A       9%          3
 Call Imp                 Summ           2%         N/A       10%         2
 Mephitic Cloud           Conj/Pois/Air  5%         N/A       14%         3
 Flame Wave               Conj/Fire      14%        2d6       17%         4


Dungeon Overview and Level Annotations

Branches:
Dungeon (3/15)

Altars:
Yredelemnul

Annotations:
D:3 2 runed translucent doors, Crazy Yiuf, Ijyb


Innate Abilities, Weirdness & Mutations

You cannot wear most types of armour.
You are amphibious.
You can wear up to eight rings at the same time.
Your skin changes colour to match your surroundings (Stealth+).
Your rubbery body absorbs attacks. (AC +1, EV +1)
((You are camouflaged when in or above water. (Stealth+)))
You have tentacles for arms and can constrict up to eight enemies at once.


Message History

The gnoll hits you from afar with a +0 halberd!
The foxfire hits the gnoll.
The gnoll is severely wounded.
The foxfire hits the gnoll.
You kill the gnoll!
Your Conjurations skill increases to level 2!
Casting: Foxfire (safe; 1% risk of failure)
Confirm with . or Enter, or press ? or * to list all spells.
You conjure some foxfire!
The foxfire hits the gnoll.
The gnoll is lightly wounded.
The foxfire hits the gnoll.
The gnoll is lightly wounded.
Casting: Foxfire (safe; 1% risk of failure)
Confirm with . or Enter, or press ? or * to list all spells.
You conjure some foxfire!
The gnoll hits you with a +0 whip!
The foxfire hits the gnoll but does no damage.
The gnoll is lightly wounded.
The gnoll barely misses you.
Casting: Foxfire (safe; 1% risk of failure)
Confirm with . or Enter, or press ? or * to list all spells.
Flames lash the gnoll.
The gnoll is moderately wounded.
The gnoll's fire resistance burns away.
The gnoll misses you. The gnoll hits you with a +0 whip!
A gnoll comes into view. It is wielding a +0 spear.
Casting: Scorch (safe; 1% risk of failure)
Confirm with . or Enter, or press ? or * to list all spells.
Flames lash the gnoll.
The gnoll is burned terribly!
The gnoll is heavily wounded.
The gnoll hits you with a +0 whip. The gnoll closely misses you.
The gnoll barely misses you.
Casting: Scorch (safe; 1% risk of failure)
Confirm with . or Enter, or press ? or * to list all spells.
You don't have enough magic to cast this spell.
You hit the gnoll but do no damage. Your grab misses the gnoll.
The gnoll is heavily wounded.
The gnoll hits you with a +0 whip!
* * * LOW HITPOINT WARNING * * *
The gnoll hits you from afar with a +0 spear!
You die...

# #.###.# #.# #.#
#### .##.# #.# #
....# ..#.###.#
#.###.# #.#..##.#
......# #.##.##.#
####..####.##.##)#
#...##...#.##g#
#..........g.@#
#...##...#.####
####..####.##.#
..............#
##########.####
...>....#
#########


You could see 2 gnolls.

Vanquished Creatures
  A human zombie (D:3)
  A human skeleton (D:3)
  Natasha (D:3)
  Robin (D:2)
  A gnoll (D:3)
  An adder (D:3)
  A dart slug (D:2)
  An orc (D:2)
  5 endoplasms
  3 giant cockroaches
  8 goblins
  11 hobgoblins
  5 jackals
  4 quokkas
  3 ball pythons
  4 bats
  2 frilled lizards
  A jackal skeleton (D:3)
  2 kobolds (D:2)
  2 rats
58 creatures vanquished.

Vanquished Creatures (others)
  121 foxfires
  13 plants (D:2)
134 creatures vanquished.

Grand Total: 192 creatures vanquished

Notes
Turn   | Place    | Note
-------+----------+-------------------------------------------
     0 | D:1      | kae the Octopode Fire Elementalist began the quest for the
                  | Orb.
     0 | D:1      | Reached XP level 1. HP: 11/11 MP: 3/3
   449 | D:1      | Reached XP level 2. HP: 17/17 MP: 3/5
  1481 | D:2      | Reached XP level 3. HP: 22/22 MP: 4/6
  1653 | D:2      | Learned a level 2 spell: Scorch
  1657 | D:2      | Learned a level 3 spell: Conjure Flame
  1789 | D:2      | Noticed Robin
  1799 | D:2      | Killed Robin
  2197 | D:2      | Found a faded altar of an unknown god.
  2611 | D:2      | Reached XP level 4. HP: 23/27 MP: 4/7
  2964 | D:3      | Noticed Ijyb
  3223 | D:3      | Reached skill level 1 in Fighting
  3394 | D:3      | Noticed a human
  3395 | D:3      | Found a runed translucent door.
  3406 | D:3      | Found a basalt altar of Yredelemnul.
  3413 | D:3      | Reached skill level 4 in Fire Magic
  3420 | D:3      | Reached XP level 5. HP: 5/33 MP: 1/8
  3733 | D:3      | Noticed Natasha
  3738 | D:3      | Killed Natasha
  3811 | D:3      | Found a runed translucent door.
  3812 | D:3      | Noticed Crazy Yiuf
  3969 | D:3      | Mangled by a gnoll

Illustrated notes

Levels and vault maps discovered:
D:1:      minmay_arrival_arboretum_small, layout_basic, grunt_decor_resistance
D:2:      layout_loops_corners, dilly_ecumenical_altar_fadedgnrine, uniq_robin
D:3:      layout_loops_ring, kiku_gazebo_pond_becter, dk_yredelemnul_ordeal,
          st_stairs_5, uniq_ijyb, uniq_crazy_yiuf_cottage, uniq_grinder,
          uniq_natasha

Skill      XL: |  1  2  3  4  5 |
---------------+----------------+-----
Stealth        | 3 |  3.8
Fighting       | 1 |  1.4
Fire Magic     | 4 |  4.2
Conjurations   | 2 |  2.0
Dodging        | |  2.7
Spellcasting   | |  2.7

Action                   |  1- 3 |  4- 6 || total
-------------------------+-------+-------++-------
Melee: Unarmed           |    34 |     1 ||    35
       Constrict         |    11 |     2 ||    13
       Tentacles         |     9 |     5 ||    14
       Falchion          |       |    18 ||    18
       Punch             |       |     1 ||     1
 Cast: Foxfire           |    53 |    24 ||    77
       Scorch            |    14 |    14 ||    28
  Use: Scroll            |     3 |       ||     3
 Stab: Sleeping          |     1 |     1 ||     2
Armor: Skin              |     7 |     1 ||     8
Dodge: Dodged            |    51 |    15 ||    66

Table legend: (Time is in decaauts)
 A = Elapsed time spent in this place.
 B = Non-inter-level travel time spent in this place.
 C = Inter-level travel time spent in this place.
 D = Time resting spent in this place.
 E = Time spent auto-exploring this place.
 F = Levels seen in this place.
 G = Mean time per level.
                   A        B        C        D        E       F      G
               +--------+--------+--------+--------+--------+-----+--------+
         Total |   3972 |   3838 |    134 |    456 |   2888 |   3 | 1324.0 |
       Dungeon |   3972 |   3838 |    134 |    456 |   2888 |   3 | 1324.0 |
               +--------+--------+--------+--------+--------+-----+--------+

Top non-repeatable levels by time:
     D:2: 1773 daAuts
     D:1: 1164 daAuts
     D:3: 1035 daAuts
